 Dungeon Crawl Stone Soup version 0.30-a0-1155-gf8af5b4991 (console) character file.

Game seed: 1407286652294103155

38 Banquo the Magician (level 3, 0/27 HPs)
             Began as a Djinni Air Elementalist on Apr 24, 2023.
             Slain by an iguana (13 damage)
             ... on level 3 of the Dungeon.
             The game lasted 00:03:28 (1948 turns).

Banquo the Magician (Djinni Air Elementalist)       Turns: 1948, Time: 00:03:30

Health: 0/27       AC:  3    Str:  7    XL:     3   Next: 65%
Gold:   153        EV: 12    Int: 18    God:
                   SH:  0    Dex: 13

rFire   + + .        c - +0 dagger
rCold   x . .        (no shield)
rNeg    . . .        a - +0 robe
rPois   ∞            (no helmet)
rElec   .            n - +0 cloak
rCorr   .            (no gloves)
SInv    +            (boots unavailable)
Will    .....        (no amulet)
Stlth   ++           e - ring of see invisible
HPRegen 0.24/turn    (no ring)
MPRegen 0.00/turn

%: infuse magic (-1 HP)
@: flying
A: sickness immunity, fire resistance 2, cold vulnerability 1, float, innate
caster, HP casting, extra vitality 1
a: no special abilities


You were on level 3 of the Dungeon.
You visited 1 branch of the dungeon, and saw 3 of its levels.

You collected 153 gold pieces.

Inventory:

Hand Weapons
 c - a +0 dagger (weapon)
Armour
 a - a +0 robe (worn)
 n - a +0 cloak (worn)
 o - an orb of mayhem
Jewellery
 e - a ring of see invisible (left hand)
 l - an amulet of the acrobat
Scrolls
 b - a scroll of blinking {unknown}
 f - a scroll of poison {unknown}
 g - 2 scrolls of teleportation {unknown}
 h - a scroll of summoning {unknown}
 i - 2 scrolls of identify {unknown}
 j - a scroll of acquirement {unknown}
 k - 2 scrolls of fog {unknown}
 q - a scroll of enchant armour {unknown}
Potions
 d - 2 potions of curing {unknown}
 m - a potion of brilliance {unknown}
 p - a potion of berserk rage {unknown}


   Skills:
 * Level 1.2 Fighting
 - Level 2.1 Dodging
 - Level 1.5 Stealth
 + Level 3.2 Spellcasting


You knew the following spells:

 Your Spells              Type           Power      Damage    Failure   Level
a - Shock                 Conj/Air       56%        1d6       4%          1
b - Static Discharge      Conj/Air       28%        2-4/arc   6%          2
c - Swiftness             Air            14%        N/A       13%         3
d - Airstrike             Air            7%         2d(1-17)  38%         4
m - Summon Small Mammal   Summ           56%        N/A       4%          1
Your spell library was empty.

Dungeon Overview and Level Annotations

Branches:
Dungeon (3/15)

Altars:

Shops:
D:2 [


Innate Abilities, Weirdness & Mutations

You are immune to sickness and miasma.
You are immune to poison.
Your flesh is very heat resistant. (rF++)
You are vulnerable to cold. (rC-)
You float through the air rather than walking.
You learn spells naturally, not from books.
Your magical power is your life essence.
You have superior vitality. (+4 MHP)


Message History

Aim: a frilled lizard (53% to hit)
The zap hits the frilled lizard.
You kill the frilled lizard!
Casting: Shock (safe; 4% risk of failure)
Confirm with . or Enter, or press ? or * to list all spells.
Aiming: Shock (safe; 4% risk of failure)
Press: ? - help, Shift-Dir - straight line, f - iguana
Aim: an iguana (moderately wounded, 75% to hit)
The zap hits the iguana but does no damage.
The iguana is moderately wounded.
Casting: Shock (safe; 4% risk of failure)
Confirm with . or Enter, or press ? or * to list all spells.
Aiming: Shock (safe; 4% risk of failure)
Press: ? - help, Shift-Dir - straight line, f/p - iguana
Aim: an iguana (moderately wounded, 75% to hit)
The zap hits the iguana but does no damage.
The iguana is moderately wounded.
Casting: Shock (safe; 4% risk of failure)
Confirm with . or Enter, or press ? or * to list all spells.
Aiming: Shock (safe; 4% risk of failure)
Press: ? - help, Shift-Dir - straight line, f/p - iguana
Aim: an iguana (moderately wounded, 75% to hit)
The zap hits the iguana.
The iguana is heavily wounded.
The iguana closely misses you.
Casting: Shock (safe; 4% risk of failure)
Confirm with . or Enter, or press ? or * to list all spells.
Aiming: Shock (safe; 4% risk of failure)
Press: ? - help, Shift-Dir - straight line, f/p - iguana
Aim: an iguana (heavily wounded, 75% to hit)
The zap misses the iguana.
The iguana bites you!
Casting: Shock (safe; 4% risk of failure)
Confirm with . or Enter, or press ? or * to list all spells.
Aiming: Shock (safe; 4% risk of failure)
Press: ? - help, Shift-Dir - straight line, f/p - iguana
Aim: an iguana (heavily wounded, 75% to hit)
The zap hits the iguana.
The iguana is heavily wounded.
The iguana bites you!
You die...

#..... .#
##..... ?.
#......#.#
..#......
.[.......
........#
.......l#
#..>...@#
##......#
........#
####...##
#.## #. #


You could see an iguana.

Vanquished Creatures
  2 worms (D:2)
  An orc (D:2)
  6 bats (D:1)
  An endoplasm (D:2)
  2 giant cockroaches (D:1)
  2 goblins
  3 hobgoblins
  4 kobolds
  5 ball pythons
  2 frilled lizards
  3 rats
31 creatures vanquished.

Notes
Turn   | Place    | Note
-------+----------+-------------------------------------------
     0 | D:1      | Banquo the Djinni Air Elementalist began the quest for the
                  | Orb.
     0 | D:1      | Banquo set off with the following spells memorised: Shock,
                  | Static Discharge, Swiftness, Airstrike.
     0 | D:1      | Reached XP level 1. HP: 15/15 MP: 0/0
   148 | D:1      | Reached XP level 2. HP: 18/22 MP: 0/0
   902 | D:1      | Reached skill level 3 in Spellcasting
  1027 | D:2      | Reached XP level 3. HP: 24/26 MP: 0/0
  1027 | D:2      | Learned a level 1 spell: Summon Small Mammal
  1129 | D:2      | Reached skill level 1 in Fighting
  1341 | D:2      | Found Pimiaqy's Antique Armour Emporium.
  1374 | D:2      | Found a faded altar of an unknown god.
  1948 | D:3      | Slain by an iguana

Illustrated notes

Levels and vault maps discovered:
D:1:      mrwooster_arrival_statue_3, layout_basic,
          chequers_serial_rivers_micro_b, minivault_25, minmay_pentomino_q4
D:2:      layout_basic, hellmonk_ecumenical_altar_blasted, serial_shops, shop
D:3:      layout_loops_ring, grunt_temple_overflow_open

Skill      XL: |  1  2  3 |
---------------+----------+-----
Spellcasting   | 3 |  3.2
Fighting       | 1 |  1.2
Dodging        | |  2.1
Stealth        | |  1.5

Action                     || total
---------------------------++-------
  Melee: Dagger            ||     1
   Cast: Shock             ||    78
 Armour: Robe              ||     3
  Dodge: Dodged            ||    15

Table legend: (Time is in decaauts)
 A = Elapsed time spent in this place.
 B = Non-inter-level travel time spent in this place.
 C = Inter-level travel time spent in this place.
 D = Time resting spent in this place.
 E = Time spent auto-exploring this place.
 F = Levels seen in this place.
 G = Mean time per level.
                   A        B        C        D        E       F      G
               +--------+--------+--------+--------+--------+-----+--------+
         Total |   1947 |   1724 |    223 |      0 |   1506 |   3 |  649.0 |
       Dungeon |   1947 |   1724 |    223 |      0 |   1506 |   3 |  649.0 |
               +--------+--------+--------+--------+--------+-----+--------+

Top non-repeatable levels by time:
     D:1: 1016 daAuts
     D:2: 921 daAuts
     D:3: 10 daAuts
